Map: Romanticide LE

Players

PattyMac

  • Race: Protoss Protoss

MaSa - Winner!

  • Race: Terran Terran

Event: DreamHack SC2 Masters 2021 Winter

VOD

Have the link to the VOD?

Description

Time

  • Played on: Oct. 8, 2021, 5:22 p.m.
  • Length: 7:45

All games in this series

Show
View Real Time Build Order
Export as new Build Order

PattyMac Protoss 

Build Orders: Oracle Opening, Blink Stalkers 

Get SALT Encoding   

  12  0:00  Probe  
  13  0:12  Probe  
  14  0:17  Pylon  
  14  0:24  Probe (Chrono Boost)  
  16  0:36  Gateway  
  16  0:37  Probe (Chrono Boost)  
  16  0:42  Probe (Chrono Boost)  
  16  0:46  Assimilator  
  17  0:51  Probe  
  17  0:54  Assimilator  
  18  1:03  Probe  
  19  1:11  Pylon  
  19  1:15  Probe  
  20  1:25  Cybernetics Core  
  20  1:27  Probe  
  23  1:39  Probe  
  24  1:52  Probe  
  23  1:59  Adept (Chrono Boost)  
  23  2:01  Stargate  
  23  2:04  Warp Gate  
  23  2:06  Probe  
  26  2:13  Pylon  
  26  2:21  Adept  
  29  2:39  Nexus  
  29  2:43  Oracle (Chrono Boost)  
  31  2:56  Probe  
  32  3:08  Twilight Council, Probe  
  33  3:14  Gateway  
  33  3:20  Probe (Chrono Boost)  
  34  3:30  Probe (Chrono Boost)  
  33  3:35  Probe (Chrono Boost)  
  33  3:36  Gateway  
  34  3:47  Probe (Chrono Boost)  
  32  3:51  Probe (Chrono Boost)  
  32  3:53  Oracle  
  32  3:54  Robotics Facility, Sentry  
  35  3:56  Blink (Chrono Boost)  
  37  4:03  Probe (Chrono Boost)  
  37  4:04  Probe (Chrono Boost)  
  37  4:09  Pylon  
  38  4:10  Probe x2 (Chrono Boost)  
  38  4:16  Shield Battery  
  39  4:20  Stalker  
  39  4:22  Probe  
  39  4:23  Probe  
  43  4:27  Stalker  
  45  4:34  Stalker  
  45  4:35  Probe x2  
  49  4:39  Assimilator  
  49  4:41  Pylon  
  49  4:43  Observer (Chrono Boost)  
  50  4:46  Pylon  
  50  4:47  Probe  
  50  4:52  Stalker  
  53  4:54  Probe  
  53  4:56  Assimilator  
  53  4:59  Probe  
  55  5:02  Stalker  
  57  5:08  Probe  
  57  5:09  Stalker  
  57  5:12  Probe  
  61  5:20  Probe  
  62  5:28  Robotics Bay  
  62  5:30  Gateway  
  62  5:32  Gateway, Pylon  
  62  5:48  Nexus, Charge  
  62  6:00  Probe x2  
  62  6:13  Probe  
  62  6:15  Probe  
  60  6:21  Colossus (Chrono Boost)  
  60  6:25  Probe  
  67  6:28  Zealot x5  
  75  6:40  Probe  
  75  6:45  Pylon  
  75  6:46  Probe  
  77  6:51  Gateway x2  
  77  6:56  Pylon  
  75  7:01  Zealot x3, Templar Archives  
  81  7:15  Probe  
  88  7:20  Stalker  
  88  7:29  Robotics Facility  
  82  7:30  Zealot x4  
  82  7:32  Pylon  
Show
View Real Time Build Order
Export as new Build Order

MaSa Terran - Winner!

Build Orders:  

Get SALT Encoding   

  12  0:00  SCV  
  13  0:12  SCV  
  14  0:16  Supply Depot  
  14  0:24  SCV  
  15  0:38  SCV  
  15  0:39  Barracks  
  15  0:42  Refinery  
  16  0:50  SCV  
  17  1:02  SCV  
  18  1:14  SCV  
  19  1:25  Barracks Reactor  
  19  1:26  Orbital Command  
  19  1:48  Command Center  
  19  1:51  Supply Depot  
  19  1:53  SCV  
  20  2:01  Marine  
  20  2:02  Marine  
  22  2:09  Factory  
  22  2:13  SCV  
  23  2:19  Marine x2  
  25  2:26  Refinery  
  25  2:27  SCV  
  26  2:33  Bunker  
  26  2:38  Marine  
  26  2:39  Marine  
  26  2:43  SCV  
  29  2:54  Widow Mine  
  31  2:59  Marine x2  
  31  3:00  SCV  
  34  3:13  Orbital Command  
  34  3:17  Widow Mine, Marine x2  
  38  3:26  Starport  
  37  3:31  SCV  
  35  3:35  Marine x2  
  35  3:37  Orbital Command  
  36  3:49  SCV, Factory Tech Lab  
  36  3:54  Barracks  
  37  3:57  Barracks  
  37  4:01  SCV, Marine x2  
  40  4:03  SCV  
  40  4:07  Starport Tech Lab  
  41  4:10  Supply Depot  
  41  4:13  SCV, Factory Tech Lab  
  41  4:16  SCV  
  43  4:17  Supply Depot  
  43  4:24  Engineering Bay  
  43  4:27  SCV  
  43  4:29  Marine  
  45  4:33  SCV  
  46  4:39  SCV  
  46  4:40  Bunker  
  46  4:45  Siege Tank  
  50  4:46  SCV  
  50  4:49  Marine  
  50  4:51  Starport Reactor  
  52  4:54  SCV  
  52  4:59  Stimpack  
  53  5:00  Marine  
  53  5:03  Marine x2  
  53  5:06  SCV  
  57  5:10  Terran Infantry Weapons Level 1  
  57  5:11  SCV  
  58  5:17  Supply Depot  
  58  5:18  SCV  
  59  5:23  Supply Depot, SCV  
  59  5:26  Refinery  
  58  5:29  Siege Tank  
  58  5:30  Marine  
  62  5:38  Medivac, SCV  
  62  5:39  Marauder, SCV, Medivac  
  70  5:45  Marine  
  70  5:47  Combat Shield  
  70  5:49  Supply Depot  
  70  5:51  Missile Turret  
  70  5:53  SCV  
  70  5:54  SCV  
  72  5:57  Refinery  
  72  5:58  Marine  
  72  6:00  Marine  
  74  6:05  SCV  
  74  6:06  SCV  
  74  6:10  Marauder, Marine  
  74  6:17  SCV  
  74  6:18  SCV  
  74  6:23  Marine  
  74  6:24  Marauder  
  76  6:27  Marine  
  76  6:28  Siege Tank  
  76  6:29  SCV  
  76  6:30  SCV  
  76  6:31  Marine  
  83  6:37  Supply Depot  
  83  6:41  SCV  
  83  6:44  SCV  
  83  6:46  Command Center  
  85  6:51  Supply Depot  
  85  6:53  SCV  
  86  6:59  Marauder, Marine x2  
  86  7:01  Marauder  
  92  7:02  SCV  
  92  7:06  SCV  
  94  7:13  Medivac x2  
  98  7:20  Marauder, Marine x2  
  101  7:30  SCV  

Tags
 
Add a new tag
Caveats
  • Supply blocks, unpowered buildings, or Contaminate may cause inaccurate times.
  • Supply counts are checked every 10 seconds.